| TOP OF THE 1ST |
|
Tri-City Dust Devils batting - Pitching for Brooklyn Cyclones : RHP Marvin Merino
|
|
Pitching: RHP Marvin Merino
|
|
|
Batting: LHB Ramon Vega
|
0-0: Foul Ball, location: 2F 0-1: SINGLE (Groundball, 34D, EV 95.6 MPH)
|
|
Batting: SHB Yutaro Takahashi
|
0-0: Ball 1-0: Called Strike Ramon Vega steals 2nd base 1-1: Ball 2-1: Foul Ball, location: 2F 2-2: Foul Ball, location: 2F 2-2: Strikes out looking
|
|
Batting: RHB Hector Fernandez
|
0-0: Called Strike Ramon Vega steals 3rd base 0-1: SINGLE (Groundball, 13S, EV 66.2 MPH) (infield hit)
|
|
Batting: SHB Manny Berrones
|
0-0: Fly out, F7 (Flyball, 7, EV 88.8 MPH)
|
|
Batting: RHB Brian DeVoe
|
0-0: Foul Ball, location: 2F 0-1: Called Strike 0-2: Strikes out swinging
|
| Top of the 1st over - 0 runs, 2 hits, 0 errors, 2 left on base; Tri-City 0 - Brooklyn 0 |
| BOTTOM OF THE 1ST |
|
Brooklyn Cyclones batting - Pitching for Tri-City Dust Devils : LHP Brennan Duncan
|
|
Pitching: LHP Brennan Duncan
|
|
|
Batting: RHB Darwin Mills
|
0-0: Fly out, F7 (Flyball, 7LSF, EV 90.0 MPH)
|
|
Batting: SHB Harrison Feist
|
0-0: Ball 1-0: Foul Ball, location: 2F 1-1: Fly out, F8 (Flyball, 8RD, EV 85.0 MPH)
|
|
Batting: RHB Mike Mathews
|
0-0: Foul Ball, location: 2F 0-1: Ball 1-1: Ball 2-1: Foul Ball, location: 2F 2-2: Strikes out looking
|
| Bottom of the 1st over - 0 runs, 0 hits, 0 errors, 0 left on base; Tri-City 0 - Brooklyn 0 |
| TOP OF THE 2ND |
|
Tri-City Dust Devils batting - Pitching for Brooklyn Cyclones : RHP Marvin Merino
|
|
Batting: RHB Paul Van Gilder
|
0-0: Called Strike 0-1: SINGLE (Groundball, 5S, EV 72.5 MPH) (infield hit)
|
|
Batting: RHB Zachary Sidney
|
0-0: Called Strike 0-1: Foul Ball, location: 2F 0-2: Reached on error, E6 (Groundball, 6, EV 108.1 MPH) Paul Van Gilder to second
|
|
Batting: LHB Roger Duque
|
0-0: Ball 1-0: Foul Ball, location: 2F 1-1: Ball 2-1: Foul Ball, location: 2F 2-2: Ball 3-2: TRIPLE (Line Drive, 78XD, EV 104.4 MPH) Paul Van Gilder scores Zachary Sidney scores
|
|
Batting: RHB Eduardo Calderon
|
0-0: Swinging Strike 0-1: Ball 1-1: Foul Ball, location: 2F 1-2: Ball 2-2: Strikes out swinging
|
|
Batting: LHB Ramon Vega
|
0-0: Ball 1-0: Ground out 5-3 (Groundball, 56, EV 101.9 MPH) Roger Duque scores
|
|
Batting: SHB Yutaro Takahashi
|
0-0: Ball 1-0: Called Strike 1-1: Foul Ball, location: 2F 1-2: TRIPLE (Groundball, 3L, EV 105.6 MPH)
|
|
Batting: RHB Hector Fernandez
|
0-0: Called Strike 0-1: Ball 1-1: Ball 2-1: SINGLE (Line Drive, 9S, EV 110.0 MPH) Yutaro Takahashi scores
|
|
Batting: SHB Manny Berrones
|
0-0: Ball 1-0: Ball 2-0: Foul Ball, location: 2F 2-1: DOUBLE (Line Drive, 7LM, EV 97.5 MPH) Hector Fernandez to third
|
|
Batting: RHB Brian DeVoe
|
0-0: Ball 1-0: Foul Ball, location: 2F 1-1: Ball 2-1: Ground out 5-3 (Groundball, 56, EV 108.8 MPH)
|
| Top of the 2nd over - 4 runs, 5 hits, 1 error, 2 left on base; Tri-City 4 - Brooklyn 0 |
| BOTTOM OF THE 2ND |
|
Brooklyn Cyclones batting - Pitching for Tri-City Dust Devils : LHP Brennan Duncan
|
|
Batting: RHB Matt Tittle
|
0-0: Ground out 3-1 (Groundball, 34S, EV 90.6 MPH)
|
|
Batting: RHB Mike Patterson
|
0-0: Called Strike 0-1: Ball 1-1: Ball 2-1: Called Strike 2-2: Strikes out swinging
|
|
Batting: LHB Ryan Stegall
|
0-0: Ball 1-0: Called Strike 1-1: Ball 2-1: Swinging Strike 2-2: Foul Ball, location: 2F 2-2: Ball 3-2: Strikes out swinging
|
| Bottom of the 2nd over - 0 runs, 0 hits, 0 errors, 0 left on base; Tri-City 4 - Brooklyn 0 |
| TOP OF THE 3RD |
|
Tri-City Dust Devils batting - Pitching for Brooklyn Cyclones : RHP Marvin Merino
|
|
Batting: RHB Paul Van Gilder
|
0-0: DOUBLE (Flyball, 78XD, EV 110.0 MPH)
|
|
Batting: RHB Zachary Sidney
|
0-0: Called Strike 0-1: Ball 1-1: Foul Ball, location: 2F 1-2: Foul Ball, location: 2F 1-2: Foul Ball, location: 2F 1-2: Reached via error on a dropped throw from 3B, E3 (Groundball, 56, EV 88.8 MPH) Paul Van Gilder to third
|
|
Batting: LHB Roger Duque
|
0-0: Ball 1-0: Foul Ball, location: 2F 1-1: SINGLE (Line Drive, 8LS, EV 112.5 MPH) Paul Van Gilder scores Zachary Sidney to second
|
|
Batting: RHB Eduardo Calderon
|
0-0: Ball 1-0: Ball 2-0: Called Strike 2-1: Ball 3-1: Base on Balls Zachary Sidney to third Roger Duque to second
|
|
Batting: LHB Ramon Vega
|
0-0: Ball 1-0: Ball 2-0: Ball 3-0: Base on Balls Zachary Sidney scores Roger Duque to third Eduardo Calderon to second
|
|
Batting: SHB Yutaro Takahashi
|
0-0: Foul Ball, location: 2F 0-1: Ball 1-1: Swinging Strike 1-2: Foul Ball, location: 2F 1-2: Ball 2-2: Ball 3-2: SINGLE (Groundball, 25, EV 68.1 MPH) (infield hit) Roger Duque scores Eduardo Calderon to third Ramon Vega to second
|
|
Pitching: RHP Adrian Colorado
|
|
|
Batting: RHB Hector Fernandez
|
0-0: Ball 1-0: Ball 2-0: Ball 3-0: Base on Balls Eduardo Calderon scores Ramon Vega to third Yutaro Takahashi to second
|
|
Batting: SHB Manny Berrones
|
0-0: Swinging Strike 0-1: Fly out, F7 (Line Drive, 7, EV 94.4 MPH) Runner from 3rd tags up, SCORES, no throw by LF
|
|
Batting: RHB Brian DeVoe
|
0-0: Ball 1-0: Called Strike 1-1: Foul Ball, location: 2F 1-2: Strikes out swinging
|
|
Batting: RHB Paul Van Gilder
|
0-0: Ball 1-0: Ball 2-0: Ball 3-0: Base on Balls Yutaro Takahashi to third Hector Fernandez to second
|
|
Batting: RHB Zachary Sidney
|
0-0: DOUBLE (Flyball, 8LD, EV 86.9 MPH) Yutaro Takahashi scores Hector Fernandez scores Paul Van Gilder to third
|
|
Batting: LHB Roger Duque
|
0-0: Ball 1-0: Ball 2-0: Swinging Strike 2-1: Swinging Strike 2-2: Strikes out swinging
|
| Top of the 3rd over - 7 runs, 4 hits, 1 error, 2 left on base; Tri-City 11 - Brooklyn 0 |
| BOTTOM OF THE 3RD |
|
Brooklyn Cyclones batting - Pitching for Tri-City Dust Devils : LHP Brennan Duncan
|
|
Batting: RHB Brad Brown
|
0-0: Ball 1-0: Fly out, F9 (Flyball, 89S, EV 73.8 MPH)
|
|
Batting: RHB Barney Pederson
|
0-0: Ball 1-0: Foul Ball, location: 2F 1-1: Ball 2-1: Foul Ball, location: 2F 2-2: Strikes out swinging
|
|
Batting: RHB Tyler Lybrand
|
0-0: Ball 1-0: Ball 2-0: Ball 3-0: Called Strike 3-1: Foul Ball, location: 2F 3-2: Strikes out swinging
|
| Bottom of the 3rd over - 0 runs, 0 hits, 0 errors, 0 left on base; Tri-City 11 - Brooklyn 0 |
| TOP OF THE 4TH |
|
Tri-City Dust Devils batting - Pitching for Brooklyn Cyclones : RHP Adrian Colorado
|
|
Pitching: RHP Danny Helm
|
|
|
Batting: RHB Eduardo Calderon
|
0-0: Ball 1-0: Swinging Strike 1-1: Called Strike 1-2: SOLO HOME RUN (Flyball, 7LD, EV 95.6 MPH), Distance : 356 ft
|
|
Batting: LHB Ramon Vega
|
0-0: Ball 1-0: Ball 2-0: Called Strike 2-1: Swinging Strike 2-2: Strikes out swinging
|
|
Batting: SHB Yutaro Takahashi
|
0-0: Called Strike 0-1: Ball 1-1: Called Strike 1-2: Ball 2-2: Ball 3-2: Ground out U3 (Groundball, 13, EV 87.5 MPH)
|
|
Batting: RHB Hector Fernandez
|
0-0: Ball 1-0: Foul Ball, location: 2F 1-1: Fly out, F4 (Popup, 3S, EV 80.0 MPH)
|
| Top of the 4th over - 1 run, 1 hit, 0 errors, 0 left on base; Tri-City 12 - Brooklyn 0 |
| BOTTOM OF THE 4TH |
|
Brooklyn Cyclones batting - Pitching for Tri-City Dust Devils : LHP Brennan Duncan
|
|
Batting: RHB Darwin Mills
|
0-0: Called Strike 0-1: Ground out 6-3 (Groundball, 6M, EV 83.1 MPH)
|
|
Batting: SHB Harrison Feist
|
0-0: Ball 1-0: Ball 2-0: Foul Ball, location: 2F 2-1: Ball 3-1: Called Strike 3-2: Foul Ball, location: 2F 3-2: Strikes out looking
|
|
Batting: RHB Mike Mathews
|
0-0: DOUBLE (Groundball, 5L, EV 101.9 MPH)
|
|
Batting: RHB Matt Tittle
|
0-0: Ball 1-0: Foul Ball, location: 2F 1-1: Foul Ball, location: 2F 1-2: TRIPLE (Line Drive, 89XD, EV 98.1 MPH) Mike Mathews scores
|
|
Batting: RHB Mike Patterson
|
0-0: Foul Ball, location: 2F 0-1: Ball 1-1: Ground out 5-3 (Groundball, 56, EV 81.9 MPH)
|
| Bottom of the 4th over - 1 run, 2 hits, 0 errors, 1 left on base; Tri-City 12 - Brooklyn 1 |
| TOP OF THE 5TH |
|
Tri-City Dust Devils batting - Pitching for Brooklyn Cyclones : RHP Danny Helm
|
|
Batting: SHB Manny Berrones
|
0-0: Swinging Strike 0-1: Ball 1-1: Ball 2-1: Fly out, F5 (Line Drive, 5L, EV 63.1 MPH)
|
|
Batting: RHB Brian DeVoe
|
0-0: Ball 1-0: Ball 2-0: Foul Ball, location: 2F 2-1: Ball 3-1: Foul Ball, location: 2F 3-2: Base on Balls
|
|
Batting: RHB Paul Van Gilder
|
0-0: Called Strike 0-1: Ball 1-1: Grounds into double play, 4-6-3 (Groundball, 4, EV 91.9 MPH)
|
| Top of the 5th over - 0 runs, 0 hits, 0 errors, 0 left on base; Tri-City 12 - Brooklyn 1 |
| BOTTOM OF THE 5TH |
|
Brooklyn Cyclones batting - Pitching for Tri-City Dust Devils : LHP Brennan Duncan
|
|
Batting: LHB Ryan Stegall
|
0-0: Swinging Strike 0-1: Ball 1-1: Called Strike 1-2: Strikes out looking
|
|
Batting: RHB Brad Brown
|
0-0: Ball 1-0: Foul Ball, location: 2F 1-1: Ball 2-1: Foul Ball, location: 2F 2-2: Strikes out swinging
|
|
Batting: RHB Barney Pederson
|
0-0: Swinging Strike 0-1: Ball 1-1: SINGLE (Line Drive, 4D, EV 98.1 MPH)
|
|
Batting: RHB Tyler Lybrand
|
0-0: Ground out U3 (Groundball, 3, EV 86.9 MPH)
|
| Bottom of the 5th over - 0 runs, 1 hit, 0 errors, 1 left on base; Tri-City 12 - Brooklyn 1 |
| TOP OF THE 6TH |
|
Tri-City Dust Devils batting - Pitching for Brooklyn Cyclones : RHP Danny Helm
|
|
Batting: RHB Zachary Sidney
|
0-0: Ball 1-0: Foul Ball, location: 2F 1-1: Called Strike 1-2: Reached on error, E4 (Groundball, 4, EV 85.0 MPH)
|
|
Batting: LHB Roger Duque
|
0-0: Ball 1-0: Foul Ball, location: 2F 1-1: Ball 2-1: Ball 3-1: Foul Ball, location: 2F 3-2: Base on Balls
|
|
Batting: RHB Eduardo Calderon
|
0-0: Ball 1-0: Ball 2-0: Ball 3-0: Called Strike 3-1: Called Strike 3-2: Base on Balls Zachary Sidney to third Roger Duque to second
|
|
Batting: LHB Ramon Vega
|
0-0: TRIPLE (Groundball, 3L, EV 103.8 MPH) Zachary Sidney scores Roger Duque scores Eduardo Calderon scores
|
|
Batting: SHB Yutaro Takahashi
|
0-0: Foul Ball, location: 2F 0-1: Ball 1-1: Called Strike 1-2: Ball 2-2: Foul Ball, location: 2F 2-2: Foul Ball, location: 2F 2-2: Ball 3-2: Hit by Pitch
|
|
Batting: RHB Hector Fernandez
|
0-0: Ball 1-0: Ball 2-0: SINGLE (Groundball, 56D, EV 100.6 MPH) Ramon Vega scores Yutaro Takahashi to second
|
|
Batting: SHB Manny Berrones
|
0-0: Ball Wild Pitch! Yutaro Takahashi to third Hector Fernandez to second 1-0: Ball 2-0: Called Strike 2-1: Foul Ball, location: 2F 2-2: Ball 3-2: Strikes out swinging passed ball, reaches first! Yutaro Takahashi scores Hector Fernandez to third
|
|
Batting: RHB Brian DeVoe
|
0-0: Fly out, F7 (Flyball, 7LMF, EV 86.9 MPH) Runner from 3rd tags up, SCORES, throw by LF
|
|
Batting: RHB Paul Van Gilder
|
0-0: Foul Ball, location: 2F 0-1: Ball 1-1: Ball 2-1: Swinging Strike 2-2: Strikes out swinging
|
|
Batting: RHB Zachary Sidney
|
0-0: Swinging Strike 0-1: Called Strike 0-2: Strikes out swinging
|
| Top of the 6th over - 6 runs, 2 hits, 1 error, 1 left on base; Tri-City 18 - Brooklyn 1 |
| BOTTOM OF THE 6TH |
|
Brooklyn Cyclones batting - Pitching for Tri-City Dust Devils : LHP Brennan Duncan
|
|
Batting: RHB Darwin Mills
|
0-0: Swinging Strike 0-1: Ball 1-1: Called Strike 1-2: Ball 2-2: Strikes out swinging
|
|
Batting: SHB Harrison Feist
|
0-0: Ball 1-0: Ball 2-0: Called Strike 2-1: Fly out, F4 (Popup, 3S, EV 83.8 MPH)
|
|
Batting: RHB Mike Mathews
|
0-0: Ball 1-0: Ball 2-0: SINGLE (Groundball, 56, EV 96.9 MPH)
|
|
Batting: RHB Matt Tittle
|
0-0: Called Strike 0-1: DOUBLE (Line Drive, 89D, EV 102.5 MPH) Mike Mathews to third
|
|
Batting: RHB Mike Patterson
|
0-0: Swinging Strike 0-1: Foul Ball, location: 2F 0-2: Foul Ball, location: 2F 0-2: Strikes out swinging
|
| Bottom of the 6th over - 0 runs, 2 hits, 0 errors, 2 left on base; Tri-City 18 - Brooklyn 1 |
| TOP OF THE 7TH |
|
Tri-City Dust Devils batting - Pitching for Brooklyn Cyclones : RHP Danny Helm
|
|
Batting: LHB Roger Duque
|
0-0: SOLO HOME RUN (Flyball, 89XD, EV 108.1 MPH), Distance : 422 ft
|
|
Batting: RHB Eduardo Calderon
|
0-0: Foul Ball, location: 2F 0-1: Swinging Strike 0-2: Ball 1-2: Strikes out swinging
|
|
Batting: LHB Ramon Vega
|
0-0: DOUBLE (Line Drive, 7LM, EV 98.8 MPH)
|
|
Batting: SHB Yutaro Takahashi
|
0-0: Called Strike 0-1: Swinging Strike 0-2: Ball 1-2: Strikes out swinging
|
|
Batting: RHB Hector Fernandez
|
0-0: Called Strike 0-1: Ball 1-1: Ball 2-1: Foul Ball, location: 2F 2-2: Ball 3-2: Base on Balls
|
|
Batting: SHB Manny Berrones
|
0-0: Foul Ball, location: 2F 0-1: Swinging Strike 0-2: Ball 1-2: Fly out, F7 (Flyball, 7LS, EV 93.1 MPH)
|
| Top of the 7th over - 1 run, 2 hits, 0 errors, 2 left on base; Tri-City 19 - Brooklyn 1 |
| BOTTOM OF THE 7TH |
|
Brooklyn Cyclones batting - Pitching for Tri-City Dust Devils : LHP Brennan Duncan
|
|
Batting: LHB Ryan Stegall
|
0-0: Called Strike 0-1: Foul Ball, location: 2F 0-2: Ball 1-2: Strikes out swinging
|
|
Batting: RHB Brad Brown
|
0-0: Foul Ball, location: 2F 0-1: Called Strike 0-2: Foul Ball, location: 2F 0-2: Ball 1-2: Strikes out swinging
|
|
Batting: RHB Barney Pederson
|
0-0: SINGLE (Groundball, 56D, EV 97.5 MPH)
|
|
Batting: RHB Tyler Lybrand
|
0-0: Swinging Strike 0-1: Foul Ball, location: 2F 0-2: Ball 1-2: Strikes out looking
|
| Bottom of the 7th over - 0 runs, 1 hit, 0 errors, 1 left on base; Tri-City 19 - Brooklyn 1 |
| TOP OF THE 8TH |
|
Tri-City Dust Devils batting - Pitching for Brooklyn Cyclones : RHP Danny Helm
|
|
Batting: RHB Brian DeVoe
|
0-0: Called Strike 0-1: Foul Ball, location: 2F 0-2: Ball 1-2: Strikes out swinging
|
|
Batting: RHB Paul Van Gilder
|
0-0: Ball 1-0: Single, Error in OF, E9, batter to second base (Groundball, 34D, EV 100.6 MPH)
|
|
Batting: RHB Zachary Sidney
|
0-0: TRIPLE (Line Drive, 9LD, EV 103.1 MPH) Paul Van Gilder scores
|
|
Batting: LHB Roger Duque
|
0-0: Foul Ball, location: 2F 0-1: Foul Ball, location: 2F 0-2: Foul Ball, location: 2F 0-2: Strikes out swinging
|
|
Batting: RHB Eduardo Calderon
|
0-0: Ground out 6-3 (Groundball, 6, EV 88.8 MPH)
|
| Top of the 8th over - 1 run, 2 hits, 1 error, 1 left on base; Tri-City 20 - Brooklyn 1 |
| BOTTOM OF THE 8TH |
|
Brooklyn Cyclones batting - Pitching for Tri-City Dust Devils : LHP Brennan Duncan
|
|
Batting: RHB Darwin Mills
|
0-0: Called Strike 0-1: Ball 1-1: Foul Ball, location: 2F 1-2: Ball 2-2: Ball 3-2: Strikes out swinging
|
|
Batting: SHB Harrison Feist
|
0-0: Fly out, F2 (Popup, 25F, EV 78.1 MPH)
|
|
Batting: RHB Mike Mathews
|
0-0: Called Strike 0-1: SINGLE (Line Drive, 56D, EV 95.6 MPH)
|
|
Pitching: RHP Geoff McDaniel
|
|
|
Batting: RHB Matt Tittle
|
0-0: Called Strike 0-1: Swinging Strike 0-2: Ball 1-2: Strikes out swinging
|
| Bottom of the 8th over - 0 runs, 1 hit, 0 errors, 1 left on base; Tri-City 20 - Brooklyn 1 |
| TOP OF THE 9TH |
|
Tri-City Dust Devils batting - Pitching for Brooklyn Cyclones : RHP Danny Helm
|
|
Batting: LHB Ramon Vega
|
0-0: Ball 1-0: Ball 2-0: SINGLE (Groundball, 25, EV 68.1 MPH) (infield hit)
|
|
Batting: SHB Yutaro Takahashi
|
0-0: Ball 1-0: Swinging Strike 1-1: Called Strike 1-2: Ball 2-2: Foul Ball, location: 2F 2-2: Strikes out swinging
|
|
Batting: RHB Hector Fernandez
|
0-0: Ball 1-0: Called Strike 1-1: Foul Ball, location: 2F 1-2: Foul Ball, location: 2F 1-2: Strikes out looking
|
|
Batting: SHB Manny Berrones
|
0-0: Ball 1-0: Foul Ball, location: 2F 1-1: Foul Ball, location: 2F 1-2: Ball 2-2: Strikes out looking
|
| Top of the 9th over - 0 runs, 1 hit, 0 errors, 1 left on base; Tri-City 20 - Brooklyn 1 |
| BOTTOM OF THE 9TH |
|
Brooklyn Cyclones batting - Pitching for Tri-City Dust Devils : RHP Geoff McDaniel
|
|
Batting: RHB Mike Patterson
|
0-0: Called Strike 0-1: Foul Ball, location: 2F 0-2: Ball 1-2: SINGLE (Flyball, 5D, EV 90.6 MPH)
|
|
Batting: LHB Ryan Stegall
|
0-0: Ball 1-0: Called Strike 1-1: Swinging Strike 1-2: Ball 2-2: Strikes out swinging
|
|
Batting: RHB Brad Brown
|
0-0: Called Strike 0-1: Swinging Strike 0-2: Strikes out swinging
|
|
Batting: RHB Barney Pederson
|
0-0: Ball 1-0: Foul Ball, location: 2F 1-1: Ball 2-1: Swinging Strike 2-2: Strikes out swinging
|
| Bottom of the 9th over - 0 runs, 1 hit, 0 errors, 1 left on base; Tri-City 20 - Brooklyn 1 |
|